 Dungeon Crawl Stone Soup version 0.30-b1-2-g02819fbbbe (webtiles) character file.

Game seed: 8013118155910934187

5424 suse60 the Ducker (level 10, -6/100 HPs)
             Began as a Troll Gladiator on Nov 28, 2023.
             Was a Believer of the Shining One.
             Mangled by a komodo dragon (26 damage)
             ... on level 1 of the Lair of Beasts on Nov 29, 2023.
             The game lasted 01:00:16 (8583 turns).

suse60 the Ducker (Troll Gladiator)                 Turns: 8583, Time: 01:00:17

Health: -6/100     AC: 15    Str: 28    XL:     10   Next: 40%
Magic:  13/13      EV: 11    Int:  4    God:    the Shining One [**....]
Gold:   272        SH:  0    Dex: 11    Spells: 9/9 levels left

rFire   . . .        v - +5 falchion
rCold   . . .        (no shield)
rNeg    + . .        f - +0 swamp dragon scales
rPois   +            c - +2 hat
rElec   .            (no cloak)
rCorr   .            (gloves unavailable)
SInv    .            (boots unavailable)
Will    +....        (no amulet) Stlth
                     h - ring of willpower
HPRegen 1.16/turn    a - +4 ring of protection
MPRegen 0.13/turn

%: no passive effects
@: glowing
A: large, unfitting armour, claws 3, regeneration 1, shaggy fur 1, tough skin 1
a: Renounce Religion, Divine Shield


You were on level 1 of the Lair of Beasts.
You worshipped the Shining One.
The Shining One was pleased with you.
You visited 3 branches of the dungeon, and saw 11 of its levels.
You also visited: Sewer.

You collected 569 gold pieces.
You spent 297 gold pieces at shops.

Inventory:

Hand Weapons
 i - a +1 long sword of flaming
 q - a +2 long sword of protection
 s - a +1 heavy great sword
 v - a +5 falchion (weapon)
Missiles
 e - 9 large rocks (quivered)
Armour
 c - a +2 hat (worn)
 f - +0 swamp dragon scales (worn)
Jewellery
 a - a +4 ring of protection (right claw)
 h - a ring of willpower (left claw)
Wands
 b - a wand of charming (10)
 m - a wand of iceblast (6)
Scrolls
 d - 3 scrolls of fear
 j - a scroll of magic mapping
 k - 2 scrolls of fog
 u - 2 scrolls of teleportation
 w - 3 scrolls of identify
 x - a scroll of blinking
Potions
 g - 6 potions of flight
 l - a potion of mutation
 n - 5 potions of berserk rage
 o - a potion of ambrosia
 p - 2 potions of magic
 r - a potion of heal wounds
 t - 6 potions of curing


   Skills:
 + Level 6.5 Fighting
 + Level 6.8 Long Blades
 - Level 3.4 Throwing
 + Level 6.8 Dodging
 + Level 5.5 Invocations
 - Level 3.1 Evocations


You had 9 spell levels left.
You didn't know any spells.
Your spell library contained the following spells:

 Spells                   Type           Power      Damage    Failure   Level
 Kiss of Death            Conj/Necr      0%         2d5       63%         1
 Sandblast                Erth           0%         2d4       63%         1
 Blink                    Tloc           0%         N/A       77%         2
 Lesser Beckoning         Tloc           0%         N/A       77%         2
 Momentum Strike          Conj/Tloc      0%         3d8       77%         2
 Sublimation of Blood     Necr           0%         N/A       77%         2
 Wereblood                Tmut           0%         N/A       77%         2
 Confusing Touch          Hex            0%         N/A       94%         3
 Inner Flame              Hex/Fire       0%         N/A       94%         3
 Animate Armour           Summ/Erth      0%         N/A       100%        4
 Dispel Undead            Necr           0%         3d6       100%        4
 Blade Hands              Tmut           0%         N/A       100%        5
 Yara's Violent Unravell  Hex/Tmut       0%         3d3       100%        5
 Iron Shot                Conj/Erth      0%         9d1       100%        6
 Enfeeble                 Hex            0%         N/A       100%        7
 Summon Hydra             Summ           0%         N/A       100%        7


Dungeon Overview and Level Annotations

Branches:
Dungeon (9/15)             Temple (1/1) D:6            Lair (1/5) D:8
    Orc (0/2) D:9           Sewer (visited)

Altars:
Ashenzari
Dithmenos
Fedhas
Hepliaklqana
Kikubaaqudgha
Nemelex Xobeh
Qazlal
Ru
Sif Muna
Trog
Vehumet
Wu Jian
Xom
Zin
The Shining One

Shops:
D:4 *!   D:6 =   D:8 (


Innate Abilities, Weirdness & Mutations

You are too large for most types of armour.
You have claws for hands.
Your natural rate of healing is unusually fast.
You are covered in fur. (AC +1)
You have tough skin. (AC +1)


Message History

You hit the komodo dragon but do no damage.
The komodo dragon closely misses you.
You barely miss the komodo dragon. The komodo dragon barely misses you.
You hit the komodo dragon but do no damage.
The komodo dragon bites you!!
You barely miss the komodo dragon. The komodo dragon bites you!
You hit the komodo dragon.
The komodo dragon is lightly wounded.
The komodo dragon bites you!!
You hit the komodo dragon.
The komodo dragon is lightly wounded.
The komodo dragon bites you!!
You barely miss the komodo dragon.
The komodo dragon is lightly wounded.
The komodo dragon completely misses you.
You slash the komodo dragon!
The komodo dragon is moderately wounded.
You hit the komodo dragon but do no damage.
The komodo dragon is moderately wounded.
The komodo dragon bites you but does no damage.
You slash the komodo dragon!
The komodo dragon is severely wounded.
The komodo dragon bites you!
* * * LOW HITPOINT WARNING * * *
You feel much better. The komodo dragon bites you!!
* * * LOW HITPOINT WARNING * * *
You hit the komodo dragon but do no damage.
The komodo dragon is severely wounded.
The komodo dragon barely misses you.
You slash the komodo dragon!
The komodo dragon is almost dead.
The komodo dragon bites you but does no damage.
You hit the komodo dragon but do no damage.
The komodo dragon is almost dead.
The komodo dragon bites you.
* * * LOW HITPOINT WARNING * * *
You barely miss the komodo dragon.
The komodo dragon is almost dead.
The komodo dragon bites you!!
You die...

.......P...≈≈~..≈≈.#.........
.#.P##.#P....#.#.≈.#....#....
..............≈..≈..........
........#.###≈~##..#....#..
........#.##≈~##.#......#
........#.##≈.#.#..≈....#######.
.........?...#.#.#≈≈≈...........
'####..+#..P########............
................@l.....(...=....
##.#########.#.######.##.###..##
## ## # ###### ##


You could see a komodo dragon.

Vanquished Creatures
  Joseph (D:8)
  Maggie (D:8)
  A burning bush (Lair:1)
  A troll (D:9)
  6 yaks (D:8)
  A steam dragon (D:7)
  Menkaure (D:5)
  2 water moccasins (D:9)
  Duvessa (D:5)
  3 orc warriors
  A black bear (D:6)
  An ice beast (D:5)
  A sky beast (D:8)
  3 ogres
  A centaur (D:9)
  2 phantoms
  2 kobold brigands (D:8)
  4 bullfrogs
  3 scorpions
  A gnoll sergeant (D:6)
  5 wights (D:9)
  Dowan (D:5)
  3 howler monkeys
  4 hounds
  A gnoll bouda (D:5)
  3 orc priests
  4 iguanas
  6 orc wizards
  Terence (D:3)
  9 adders
  7 gnolls
  4 white imps
  3 ufetubi
  4 worms
  3 dart slugs
  45 orcs
  15 endoplasms
  17 giant cockroaches
  8 goblins
  4 hobgoblins
  2 jackals (D:1)
  9 quokkas
  12 ball pythons
  8 bats
  8 frilled lizards (Sewer)
  13 kobolds
  14 rats
250 creatures vanquished.

Vanquished Creatures (others)
  10 plants
10 creatures vanquished.

Grand Total: 260 creatures vanquished

Notes
Turn   | Place    | Note
-------+----------+-------------------------------------------
     0 | D:1      | suse60 the Troll Gladiator began the quest for the Orb.
     0 | D:1      | Reached XP level 1. HP: 19/19 MP: 0/0
    78 | D:1      | Reached XP level 2. HP: 28/28 MP: 1/1
   508 | D:1      | Reached XP level 3. HP: 35/35 MP: 2/2
   617 | D:1      | Found a faded altar of an unknown god.
  1369 | D:2      | Reached XP level 4. HP: 42/42 MP: 3/3
  1674 | D:3      | Found a glowing drain.
  1703 | Sewer    | Entered a sewer
  1961 | Sewer    | Reached XP level 5. HP: 50/50 MP: 4/4
  2239 | D:3      | Noticed Terence
  2247 | D:3      | Killed Terence
  2252 | D:3      | Found a bloodstained altar of Trog.
  2278 | D:3      | Found a shimmering blue altar of Sif Muna.
  2282 | D:3      | Got Sif Muna's Almanac of Excavation
  2321 | D:3      | Identified the +1 robe of Zauh {Int+4 Dex+2}
  2385 | D:3      | Reached XP level 6. HP: 53/59 MP: 5/5
  2400 | D:3      | Found a shadowy altar of Dithmenos.
  2560 | D:3      | Found an ornate altar of the Wu Jian Council.
  2814 | D:4      | Found Losehal's Distillery.
  2827 | D:4      | Bought a potion of heal wounds for 55 gold pieces
  2827 | D:4      | Bought a potion of might for 44 gold pieces
  2827 | D:4      | Bought a potion of curing for 33 gold pieces
  2933 | D:4      | Found Neal's Overcharged Wands.
  3306 | D:4      | Found a glowing golden altar of the Shining One.
  3309 | D:4      | Became a worshipper of the Shining One
  3367 | D:5      | Entered Level 5 of the Dungeon
  3447 | D:5      | Noticed Duvessa
  3504 | D:5      | Killed Duvessa
  3505 | D:5      | Reached skill level 1 in Evocations
  3505 | D:5      | Reached XP level 7. HP: 40/67 MP: 6/6
  3511 | D:5      | Noticed Dowan
  3537 | D:5      | Killed Dowan
  3652 | D:5      | Noticed Menkaure
  3657 | D:5      | Killed Menkaure
  3861 | D:5      | Reached XP level 8. HP: 78/78 MP: 7/7
  3978 | D:5      | Reached skill level 1 in Invocations
  4137 | D:6      | Reached * piety under the Shining One
  4231 | D:6      | Found a staircase to the Ecumenical Temple.
  4240 | Temple   | Entered the Ecumenical Temple
  4282 | D:6      | Found a radiant altar of Vehumet.
  4295 | D:6      | Found a blossoming altar of Fedhas.
  4296 | D:6      | Found a hazy altar of Hepliaklqana.
  4338 | D:6      | Reached skill level 5 in Dodging
  4370 | D:6      | Found a shimmering altar of Xom.
  4573 | D:6      | Reached skill level 5 in Long Blades
  4645 | D:6      | Found a sparkling altar of Nemelex Xobeh.
  4749 | D:6      | Found a broken altar of Ashenzari.
  4857 | D:6      | Found Xalin's Jewellery Shop.
  5219 | D:7      | Reached XP level 9. HP: 61/87 MP: 10/10
  5289 | D:7      | Reached skill level 5 in Fighting
  6174 | D:8      | Noticed Joseph
  6239 | D:8      | Killed Joseph
  6337 | D:8      | Found an ancient bone altar of Kikubaaqudgha.
  6339 | D:8      | Found a staircase to the Lair.
  6369 | D:8      | Found Faphaenta's Hydra Hut.
  6372 | D:8      | Noticed a five-headed hydra
  6377 | D:8      | Bought a +0 long sword of flaming for 99 gold pieces
  6445 | D:8      | Noticed Maggie
  6457 | D:8      | Killed Maggie
  6458 | D:8      | Reached XP level 10. HP: 98/98 MP: 12/12
  6812 | D:8      | Found a glowing silver altar of Zin.
  7056 | D:9      | Reached skill level 5 in Invocations
  7185 | D:9      | Identified the +7 falchion of Iwnut {pain, rF+ rN+}
  7231 | D:9      | Reached ** piety under the Shining One
  7509 | D:9      | Found a staircase to the Orcish Mines.
  8179 | D:4      | Bought a potion of curing for 33 gold pieces
  8179 | D:4      | Bought a potion of curing for 33 gold pieces
  8459 | Lair:1   | Entered Level 1 of the Lair of Beasts
  8583 | Lair:1   | Mangled by a komodo dragon

Illustrated notes

Levels and vault maps discovered:
D:1:      dpeg_arrival_arbitrary_b, layout_loops_ring,
          shapermc_ecumenical_altar_mp_vishouse, minmay_rat_gold_closets
D:2:      layout_loops_ring
D:3:      layout_loops_ring, nzn_overflow_gifts_of_might_and_magic,
          nzn_wu_jian_contemplation, nicolae_dithmenos_the_darkroom,
          cheibrodos_sewer_entry_drain, kennysheep_another_room
D:4:      layout_rooms, tso_oasis_becter, serial_glass, glass_columns_a,
          glass_columns_b, glass_columns_b, glass_columns_a, glass_columns_a,
          glass_columns_a, glass_columns_c, glass_columns_a, serial_shops, shop,
          nicolae_shop_overcharged_wands
D:5:      layout_rooms, serial_bayou, serial_bayou_shore_b,
          serial_bayou_crossing, serial_bayou_pond_e, serial_bayou_shore_b,
          uniq_duvessa, uniq_menkaure
D:6:      layout_loops_ring, lemuel_round_altar, old_standard_altar,
          kennysheep_little_box, chequers_temple_overflow_statue_of_worship,
          minmay_temple_entry_statues_fountains, serial_shops,
          nicolae_shop_trees, st_stairs_11, lemuel_flame_loot_1
D:7:      layout_basic
D:8:      layout_cave_pods, mainiacjoe_overflow_alcove_1,
          general_overflow_altar, doesnt_shop_hydraphobe, uniq_joseph,
          uniq_maggie
D:9:      layout_basic, orc_0_dummy, hangedman_abyss_or_decor_slice,
          amcnicky_mini_rare_corridor_liquid, palyth_stone_intersect,
          due_unseen_surprise
Temple:   dpeg_three_leaves_temple
Lair:1:   layout_chaotic_city, serial_rivers, chequers_serial_rivers_small_b,
          chequers_serial_rivers_room_a, chequers_serial_rivers_micro_d,
          chequers_serial_rivers_small_3, evilmike_ambush
          [evilmike_ambush_outer_basic, evilmike_ambush_inner_basic],
          uniq_harold

Skill      XL: |  1  2  3  4  5  6  7  8  9 10 |
---------------+-------------------------------+-----
Throwing       | 2 3 |  3.4
Fighting       | 2 3 4 6 |  6.5
Dodging        | 3 4 5 6 |  6.8
Long Blades    | 3 4 5 6 |  6.8
Evocations     | 1 2 3 |  3.1
Invocations    | 2 4 5 |  5.5

Action                     |  1- 3 |  4- 6 |  7- 9 | 10-12 || total
---------------------------+-------+-------+-------+-------++-------
  Melee: Long sword        |   147 |   271 |   340 |    79 ||   837
         Punch             |     1 |     3 |     4 |     6 ||    14
         Great sword       |       |    73 |       |       ||    73
         Falchion          |       |       |       |    86 ||    86
  Throw: Throwing net      |       |     5 |     1 |       ||     6
         Large rock        |       |       |     2 |     2 ||     4
 Invoke: Divine Shield     |       |       |     1 |       ||     1
  Evoke: Wand              |       |       |    12 |     1 ||    13
    Use: Scroll            |     8 |    11 |     5 |     2 ||    26
         Potion            |       |       |     4 |     1 ||     5
   Stab: Sleeping          |     3 |       |       |       ||     3
         Held in net/web   |       |     2 |       |       ||     2
 Armour: Robe              |    43 |   141 |   169 |       ||   353
         Swamp dragon scal |       |       |       |    47 ||    47
  Dodge: Dodged            |    81 |   181 |   175 |    62 ||   499
  Block: Other             |       |       |    10 |       ||    10
